 Dungeon Crawl Stone Soup version 0.22-a0-433-gd2a9cce (webtiles) character file.

819 Gorglomux the Skirmisher (level 7, -1/94 HPs)
             Began as a Minotaur Abyssal Knight on May 27, 2018.
             Was an Initiate of Cheibriados.
             Succumbed to Karim's ghost's poison
             ... on level 5 of the Dungeon.
             The game lasted 00:03:27 (3358 turns).

Gorglomux the Skirmisher (Minotaur Abyssal Knight)  Turns: 3358, Time: 00:03:28

Health: -1/94      AC: 23    Str: 24    XL:     7   Next: 63%
Magic:  8/9        EV:  2    Int: 13    God:    Cheibriados [......]
Gold:   128        SH:  9    Dex: 11    Spells: 6/6 levels left

rFire    . . .     SeeInvis .   S - +0 war axe
rCold    . . .     Gourm    .   R - +0 shield
rNeg     + + +     Faith    .   (armour currently unavailable)
rPois    +         Spirit   .   (helmet currently unavailable)
rElec    .         Reflect  .   (cloak currently unavailable)
rCorr    .         Harm     .   (gloves currently unavailable)
MR       .....     NoTele   +   (boots currently unavailable)
Stlth    +.........             (no amulet)
HPRegen  0.25/turn              s - +3 ring of intelligence
MPRegen  0.11/turn              (no ring)

@: mighty, lethally poisoned (-1 -> -27), tree-form, very slow
A: (retaliatory headbutt)
a: Bend Time, Renounce Religion


You were on level 5 of the Dungeon.
You worshipped Cheibriados.
Cheibriados was noncommittal.
You were not hungry.
You were a tree.
You visited 1 branch of the dungeon, and saw 5 of its levels.
You visited the Abyss 1 time.

You collected 128 gold pieces.

Inventory:

Hand Weapons
 a - a +1 hand axe
 S - a +0 war axe (weapon)
Armour
 f - a +0 pair of boots (melded)
 j - a +1 cloak (melded)
 l - a +0 scale mail (melded)
 R - a +0 shield (worn)
Jewellery
 s - a +3 ring of intelligence (left branch)
Wands
 P - a wand of paralysis (11)
Scrolls
 d - 2 scrolls of enchant armour {unknown}
 e - 8 scrolls of identify {unknown}
 h - 3 scrolls of remove curse {unknown}
 k - a scroll of amnesia {unknown}
 m - a scroll of magic mapping {unknown}
 n - 5 scrolls of teleportation {unknown}
 p - a scroll of fear {unknown}
 q - 3 scrolls of enchant weapon {unknown}
 r - a scroll of random uselessness {unknown}
Comestibles
 c - 10 rations
 T - 2 chunks of flesh


   Skills:
 + Level 6.1 Fighting
 + Level 5.5 Axes
 + Level 5.4 Armour
 - Level 1.1 Dodging
 + Level 2.4 Shields
 + Level 4.3 Invocations


You had 6 spell levels left.
You didn't know any spells.
Your spell library was empty.

Dungeon Overview and Level Annotations

Branches:
Dungeon (5/15)
 Temple: D:4-7

Altars:
Ashenzari
Cheibriados
Nemelex Xobeh
Vehumet


Innate Abilities, Weirdness & Mutations

((You reflexively headbutt those who attack you in melee.))
((You have a pair of horns on your head.))


Message History

Unknown command!
You closely miss Karim's ghost!
Karim's butt is almost butt! * * * don't die
* * * You feel very sick!
Butt's ghost hits you but does no damage!
You are butt poisoned!
You cut Karim's ghost into butts!!!
You destroy Karim's ghost!!!
Cheibriados appreciates the change of pace!
Your Fighting skill increases to level 6!!!
Your Shields skill increases to level 2!!!
Your Invocations skill increases to level 4!!! * * * don't die
* * * You feel very sick! * * * don't die
* * * You feel very butt! * * * don't die
* * * You feel sick! rip

#. #. #.# #.# #.# #.#
#.# #.# ##.### ##.#
#.... # ##..# #..##.##
###.[.########..♣...###
.......................'
###....#######.#....####
##.#.# #.....## # ###.#
###.### # #.# #.# # #.#
#.# # #.# ... ######.#
..


There were no monsters in sight!

Vanquished Creatures
  The ghost of Karim the Stinger, a novice GnVM of Ru (D:5)
  An ogre (D:4)
  A phantom (D:5)
  The ghost of Gildeon the Conjurer, an amateur DECj (D:3)
  A hound (D:4)
  An iguana (D:5)
  2 orc wizards (D:3)
  7 gnolls (D:3)
  5 adders
  An adder zombie (D:4)
  5 worms
  2 dart slugs
  A leopard gecko (D:2)
  5 orcs
  10 giant cockroaches
  9 goblins
  7 hobgoblins
  2 jackals (D:3)
  2 quokkas
  A ball python (D:1)
  7 bats
  7 frilled lizards
  8 kobolds
  2 leopard gecko skeletons
  7 rats
96 creatures vanquished.

Vanquished Creatures (others)
  An orc (D:3)
1 creature vanquished.

Grand Total: 97 creatures vanquished

Notes
Turn   | Place    | Note
-------+----------+-------------------------------------------
     0 | Abyss:1  | Gorglomux the Minotaur Abyssal Knight began the quest for the Orb.
     0 | Abyss:1  | Reached XP level 1. HP: 19/19 MP: 1/1
    47 | Abyss:1  | Noticed a large abomination
    48 | D:1      | Escaped the Abyss
   414 | D:1      | Reached * piety under Lugonu
   450 | D:1      | Reached XP level 2. HP: 26/27 MP: 2/2
   777 | D:1      | Reached skill level 4 in Fighting
  1059 | D:2      | Reached skill level 3 in Axes
  1060 | D:2      | Reached skill level 3 in Armour
  1080 | D:2      | Reached XP level 3. HP: 23/33 MP: 3/3
  1185 | D:2      | Found a shattered altar of Ashenzari.
  1358 | D:2      | Reached ** piety under Lugonu
  1532 | D:2      | Reached XP level 4. HP: 30/41 MP: 4/4
  1884 | D:3      | Reached XP level 5. HP: 19/47 MP: 4/6
  2093 | D:3      | Reached skill level 3 in Invocations
  2128 | D:3      | Noticed Gildeon's ghost (amateur DECj)
  2142 | D:3      | Killed Gildeon's ghost
  2142 | D:3      | Reached skill level 5 in Fighting
  2148 | D:3      | HP: 2/48 [poisoned by Gildeon's ghost]
  2218 | D:3      | Found a radiant altar of Vehumet.
  2390 | D:3      | Reached XP level 6. HP: 33/56 MP: 7/7
  2890 | D:4      | Found a sparkling altar of Nemelex Xobeh.
  2892 | D:4      | Found a snail-covered altar of Cheibriados.
  3226 | D:4      | Fell from the grace of Lugonu
  3226 | D:4      | Became a worshipper of Cheibriados the Contemplative
  3248 | D:5      | Entered Level 5 of the Dungeon
  3340 | D:5      | Noticed Karim's ghost (novice GnVM)
  3353 | D:5      | Reached skill level 1 in Shields
  3353 | D:5      | Reached XP level 7. HP: 16/62 MP: 8/8
  3355 | D:5      | Killed Karim's ghost
  3355 | D:5      | Reached skill level 6 in Fighting
  3356 | D:5      | HP: 4/94 [poisoned by Karim's ghost]
  3358 | D:5      | Succumbed to Karim's ghost's poison

Vault maps used:
D:1:      evilmike_arrival_hilbert_curve, minmay_tromino_mix6
D:2:      old_standard_altar, minmay_randomly_rotated_circles
D:3:      fiery_altar_vehumet, first_ration
D:4:      grunt_temple_overflow_open

Skill      XL: |  1  2  3  4  5  6  7 |
---------------+----------------------+-----
Invocations    | 2 3 4 |  4.3
Fighting       | 4 5 6 |  6.1
Axes           | 3 4 5 |  5.5
Armour         | 3 4 5 |  5.4
Shields        | 1 2 |  2.4
Dodging        | |  1.1

Action                   |  1- 3 |  4- 6 |  7- 9 || total
-------------------------+-------+-------+-------++-------
Melee: Hand axe          |   119 |   129 |       ||   248
       Headbutt          |    14 |    26 |       ||    40
       War axe           |       |     9 |     2 ||    11
Invok: Depart the Abyss  |     1 |       |       ||     1
  Use: Potion            |       |     5 |       ||     5
 Stab: Distracted        |       |     1 |       ||     1
  Eat: Chunk             |     2 |     6 |       ||     8
Armor: Leather armour    |    14 |       |       ||    14
       Scale mail        |    47 |    77 |       ||   124
       Skin              |       |     1 |     3 ||     4
Dodge: Dodged            |    73 |    72 |       ||   145
Block: Shield            |       |    16 |       ||    16

Table legend:
 A = Spawn XP
 B = Non-spawn XP
 C = Spawn XP percentage of total XP
 D = Spawn monster count
 E = Non-spawn monster count
 F = Spawn count percentage of total count
 G = Total turns spent on level
                    A         B        C        D         E        F      G
               +---------+---------+-------+---------+---------+-------+---------
         Total |       0 |    1170 |   0.0 |       0 |      96 |   0.0 |  3358
               +---------+---------+-------+---------+---------+-------+---------
           D:1 |       0 |      34 |   0.0 |       0 |      21 |   0.0 |  1007
           D:2 |       0 |     103 |   0.0 |       0 |      35 |   0.0 |   808
           D:3 |       0 |     301 |   0.0 |       0 |      29 |   0.0 |   849
           D:4 |       0 |     174 |   0.0 |       0 |       5 |   0.0 |   536
           D:5 |       0 |     558 |   0.0 |       0 |       6 |   0.0 |   110
               +---------+---------+-------+---------+---------+-------+---------
